 Dungeon Crawl Stone Soup version 0.31-a0-986-g5e6e4ef867 (webtiles) character file.

Game seed: 4855129726507001973

46 billz999 the Digger (level 3, -4/26 HPs)
             Began as a Demigod Earth Elementalist on Nov 3, 2023.
             Slain by Grinder (9 damage)
             ... on level 3 of the Dungeon.
             The game lasted 00:04:01 (2118 turns).

billz999 the Digger (Demigod Earth Elementalist)    Turns: 2118, Time: 00:04:02

Health: -4/26      AC:  1    Str:  9    XL:     3   Next: 27%
Magic:  0/8        EV: 12    Int: 21    God:
Gold:   125        SH:  0    Dex: 14    Spells: 4/5 levels left

rFire   . . .        e - +0 sling
rCold   . . .        (no shield)
rNeg    . . .        a - +0 robe
rPois   .            (no helmet)
rElec   .            (no cloak)
rCorr   .            (no gloves)
SInv    .            (no boots)
Will    .....        o - amulet of the acrobat
Stlth   ++           (no ring)
HPRegen 0.24/turn    (no ring)
MPRegen 0.11/turn

%: random rage (3%), acrobat
@: no status effects
A: high MP 1, forlorn, divine attributes, berserk 1, deformed body
a: no special abilities


You were on level 3 of the Dungeon.
You visited 1 branch of the dungeon, and saw 3 of its levels.

You collected 125 gold pieces.

Inventory:

Hand Weapons
 e - a +0 sling (weapon)
Missiles
 h - 3 poisoned darts
 i - 7 javelins
Armour
 a - a +0 robe (worn)
Jewellery
 j - an amulet of magic regeneration
 o - an amulet of the acrobat (around neck)
Wands
 m - a wand of polymorph (10)
Scrolls
 c - 2 scrolls of noise {unknown}
 d - a scroll of amnesia {unknown}
 g - 2 scrolls of identify {unknown}
 n - a scroll of vulnerability {unknown}
Potions
 b - a potion of magic
 k - a potion of ambrosia {unknown}
 l - a potion of haste {unknown}


   Skills:
 * Level 2.3 Ranged Weapons
 - Level 1.9 Dodging
 - Level 1.9 Stealth
 - Level 1.9 Spellcasting
 - Level 1.1 Transmutations
 - Level 2.8 Earth Magic


You had 4 spell levels left.
You knew the following spells:

 Your Spells              Type           Power      Damage    Failure   Level
a - Sandblast             Erth           26%        2d8       4%          1

Your spell library contained the following spells:

 Spells                   Type           Power      Damage    Failure   Level
 Passwall                 Tmut/Erth      8%         N/A       10%         2
 Stone Arrow              Conj/Erth      14%        3d7       26%         3
 Petrify                  Tmut/Erth      10%        N/A       54%         4
 Brom's Barrelling Bould  Conj/Erth      7%         2d3       63%         4


Dungeon Overview and Level Annotations

Branches:
Dungeon (3/15)

Shops:
D:2 ?

Annotations:
D:3 Grinder


Innate Abilities, Weirdness & Mutations

You have an increased reservoir of magic. (+10% MP)
You shall have no god before yourself.
Your divine heritage dramatically boosts your attributes as you level up.
You sometimes lose your temper in combat.
Armour fits poorly on your strangely shaped body.


Message History

Aiming: Sandblast (safe; 4% risk of failure)
Press: ? - help, Shift-Dir - straight line, f/p - Grinder
Aim: Grinder (heavily wounded, 80% to hit)
The blast of sand hits Grinder.
Grinder is heavily wounded.
Grinder gestures at you. You resist with significant effort.
Casting: Sandblast (safe; 4% risk of failure)
Confirm with . or Enter, or press ? or * to list all spells.
Aiming: Sandblast (safe; 4% risk of failure)
Press: ? - help, Shift-Dir - straight line, f/p - Grinder
Aim: Grinder (heavily wounded, 80% to hit)
The blast of sand hits Grinder!
Grinder is severely wounded.
Grinder closely misses you. Grinder gestures at you.
Pain shoots through your body!
Casting: Sandblast (safe; 4% risk of failure)
Confirm with . or Enter, or press ? or * to list all spells.
Aiming: Sandblast (safe; 4% risk of failure)
Press: ? - help, Shift-Dir - straight line, f/p - Grinder
Aim: Grinder (severely wounded, 80% to hit)
The blast of sand misses Grinder.
Grinder barely misses you.
Unknown command.
Casting: Sandblast (safe; 4% risk of failure)
Confirm with . or Enter, or press ? or * to list all spells.
Aiming: Sandblast (safe; 4% risk of failure)
Press: ? - help, Shift-Dir - straight line, f/p - Grinder
Aim: Grinder (severely wounded, 80% to hit)
The blast of sand hits Grinder!
Grinder is almost dead.
Grinder hits you.
* * * LOW HITPOINT WARNING * * *
Grinder barely misses you.
Okay, then.
It was a potion of mutation.
You feel extremely strange.
Your body twists and deforms.
You feel a little pissed off. Grinder hits you!
You die...
Grinder says, "Now the real fun starts!"

#..........###### ....#
#...<............###.....#
#..........#####...#.....#
#...<>.....# ####5..#...#
###.###########...........
##...# #....##########
#..### #.#### #####.####
#####.#####
#........####..@5.....#
#.............####....#
#.........##### #....#
#........## #....#
#........# #.....#
########## ##.##.# .# .#
## #


You could see Grinder.

Vanquished Creatures
  3 orcs (D:2)
  2 bats
  5 endoplasms
  A giant cockroach (D:2)
  6 goblins
  6 hobgoblins
  2 jackals (D:1)
  4 kobolds
  3 ball pythons (D:2)
  3 frilled lizards
  A rat (D:2)
36 creatures vanquished.

Notes
Turn   | Place    | Note
-------+----------+-------------------------------------------
     0 | D:1      | billz999 the Demigod Earth Elementalist began the quest for
                  | the Orb.
     0 | D:1      | Reached XP level 1. HP: 14/14 MP: 5/5
    39 | D:1      | Reached skill level 1 in Transmutations
   745 | D:1      | Reached XP level 2. HP: 20/20 MP: 7/7
   831 | D:1      | Reached skill level 1 in Ranged Weapons
  1533 | D:2      | Found Cuolian's Magic Scroll Shoppe.
  1691 | D:2      | Reached XP level 3. HP: 26/26 MP: 6/8
  2091 | D:3      | Noticed Grinder
  2118 | D:3      | Gained mutation: Armour fits poorly on your strangely
                  | shaped body. [potion of mutation]
  2118 | D:3      | Gained mutation: You sometimes lose your temper in combat.
                  | [potion of mutation]
  2118 | D:3      | Slain by Grinder

Illustrated notes

Levels and vault maps discovered:
D:1:      dpeg_arrival_morbid_curiosity, layout_rooms, minmay_pentomino_s2
D:2:      layout_loops_ring, hellmonk_ecumenical_altar_slurped_away,
          serial_shops, shop_statue, minivault_27, guppyfry_early_orc_mine
D:3:      layout_rooms, nicolae_uskayaw_murder_on_the_dancefloor,
          amcnicky_mini_pool_small, kennysheep_generic_room_9, uniq_grinder

Skill      XL: |  1  2 |
---------------+-------+-----
Transmutations | 1 |  1.1
Ranged Weapons | 2 |  2.3
Dodging        | |  1.9
Stealth        | |  1.9
Spellcasting   | |  1.9
Earth Magic    | |  2.8

Action                     || total
---------------------------++-------
   Fire: Sling             ||    75
   Cast: Sandblast         ||    34
    Use: Potion            ||     1
 Armour: Robe              ||    12
  Dodge: Dodged            ||    22

Table legend: (Time is in decaauts)
 A = Elapsed time spent in this place.
 B = Non-inter-level travel time spent in this place.
 C = Inter-level travel time spent in this place.
 D = Time resting spent in this place.
 E = Time spent auto-exploring this place.
 F = Levels seen in this place.
 G = Mean time per level.
                   A        B        C        D        E       F      G
               +--------+--------+--------+--------+--------+-----+--------+
         Total |   2158 |   1929 |    229 |    392 |   1298 |   3 |  719.3 |
       Dungeon |   2158 |   1929 |    229 |    392 |   1298 |   3 |  719.3 |
               +--------+--------+--------+--------+--------+-----+--------+

Top non-repeatable levels by time:
     D:1: 1356 daAuts
     D:2: 725 daAuts
     D:3: 76 daAuts
